 Dungeon Crawl Stone Soup version 0.30.1-11-g7821555f0a (webtiles) character file.

Game seed: 2102486224269373516

11465 Timidy the Fighter (level 11, -1/102 HPs)
             Began as a Hill Orc Fighter on Dec 3, 2023.
             Was a High Priest of Okawaru.
             Slain by a komodo dragon (9 damage)
             ... on level 3 of the Lair of Beasts.
             The game lasted 00:59:31 (12506 turns).

Timidy the Fighter (Hill Orc Fighter)              Turns: 12506, Time: 00:59:32

Health: -1/102     AC: 10    Str: 24    XL:     11   Next: 78%
Magic:  16/16      EV: 16    Int:  8    God:    Okawaru [*****.]
Gold:   698        SH:  4    Dex: 10    Spells: 10/10 levels left

rFire   . . .        b - +1 broad axe (flame)
rCold   . . .        c - +0 buckler
rNeg    . . .        B - +0 scale mail
rPois   +            (no helmet)
rElec   .            M - scarf {+Inv}
rCorr   .            s - +0 pair of gloves
SInv    .            n - +0 pair of boots
Will    .....        m - amulet of regeneration Stlth
                     D - ring of poison resistance
HPRegen 1.17/turn    y - +5 ring of evasion
MPRegen 0.15/turn

%: no passive effects
@: no status effects
A: no striking features
a: Renounce Religion, Evoke Invisibility, Heroism, Finesse, Duel


You were on level 3 of the Lair of Beasts.
You worshipped Okawaru.
Okawaru was extremely pleased with you.
You visited 3 branches of the dungeon, and saw 13 of its levels.

You collected 698 gold pieces.

Inventory:

Hand Weapons
 a - a +2 trident of protection
 b - a +1 broad axe of flaming (weapon)
Missiles
 f - 2 silver javelins
 i - 2 throwing nets
 K - 4 boomerangs (quivered)
Armour
 c - a +0 buckler (worn)
 n - a +0 pair of boots (worn)
 s - a +0 pair of gloves (worn)
 B - a +0 scale mail (worn)
 M - a scarf of invisibility (worn)
Jewellery
 e - a ring of see invisible
 m - an amulet of regeneration (around neck)
 o - a +6 ring of strength
 w - a ring of protection from cold
 x - a ring of resist corrosion
 y - a +5 ring of evasion (right hand)
 D - a ring of poison resistance (left hand)
 F - an amulet of reflection
 G - a ring of willpower
Wands
 j - a wand of flame (1)
 E - a wand of iceblast (3)
 L - a wand of digging (5)
Scrolls
 g - 2 scrolls of vulnerability
 p - a scroll of immolation
 q - 4 scrolls of fog
 r - 2 scrolls of teleportation
 u - 2 scrolls of poison
 v - 2 scrolls of magic mapping
 A - a scroll of enchant armour
 H - a scroll of enchant weapon {unknown}
 J - a scroll of identify
Potions
 d - 3 potions of might
 k - 3 potions of curing
 l - 2 potions of lignification
 t - 3 potions of brilliance
 z - 2 potions of ambrosia
 C - a potion of flight
Miscellaneous
 h - a phial of floods


   Skills:
 - Level 11.4 Fighting
 * Level 9.5(11.8) Axes
 - Level 9.4(10.7) Polearms
 - Level 4.0 Throwing
 - Level 8.1 Armour
 - Level 4.2 Dodging
 - Level 4.0 Shields
 - Level 7.0 Invocations
 + Level 2.0 Evocations


You had 10 spell levels left.
You didn't know any spells.
Your spell library contained the following spells:

 Spells                   Type           Power      Damage    Failure   Level
 Apportation              Tloc           0%         N/A       75%         1
 Magic Dart               Conj           0%         1d3       75%         1
 Slow                     Hex            0%         N/A       75%         1
 Searing Ray              Conj           0%         2d4       86%         2
 Confusing Touch          Hex            0%         N/A       98%         3
 Vampiric Draining        Necr           0%         2d6       98%         3
 Fulminant Prism          Conj/Hex       0%         3d5       100%        4
 Alistair's Intoxication  Tmut/Pois      0%         N/A       100%        5


Dungeon Overview and Level Annotations

Branches:
Dungeon (9/15)             Temple (1/1) D:7            Lair (3/5) D:9
 Shoals (0/4) Lair:2        Snake (0/4) Lair:2
    Orc: D:9-12

Altars:
Ashenzari
Cheibriados
Dithmenos
Elyvilon
Fedhas
Gozag
Hepliaklqana
Makhleb
Nemelex Xobeh
Okawaru
Qazlal
Ru
Trog
Uskayaw
Vehumet
Wu Jian
Xom
Yredelemnul
Zin
The Shining One

Annotations:
D:9 Erolcha
Lair:2 2 transporters


Message History

Press: ? - help, Q - select action, (/) - cycle Shift-Dir - straight line, f/p - komodo dragon
Aim: a komodo dragon (71% to hit)
You throw a boomerang. The boomerang hits the komodo dragon!
The komodo dragon is lightly wounded.
Throw: 4 boomerangs
Press: ? - help, Q - select action, (/) - cycle Shift-Dir - straight line, f/p - komodo dragon
Aim: a komodo dragon (lightly wounded, 71% to hit)
You throw a boomerang.
The boomerang barely misses the komodo dragon.
Throw: 4 boomerangs
Press: ? - help, Q - select action, (/) - cycle Shift-Dir - straight line, f/p - komodo dragon
Aim: a komodo dragon (lightly wounded, 71% to hit)
You throw a boomerang. The boomerang hits the komodo dragon.
The komodo dragon is moderately wounded.
You barely miss the komodo dragon.
The komodo dragon is moderately wounded.
You hit the fungus.
The fungus begins to die.
You burn the fungus. The komodo dragon bites you.
You slash the komodo dragon! You burn the komodo dragon.
The komodo dragon is heavily wounded.
You hit the fungus. You burn the fungus. The komodo dragon bites you!!
You hit the komodo dragon. You burn the komodo dragon.
The komodo dragon is heavily wounded.
You slash the fungus! You burn the fungus. The komodo dragon bites you!!
You hit the komodo dragon but do no damage.
The komodo dragon is heavily wounded.
You slash the fungus! You burn the fungus. The komodo dragon bites you.
The komodo dragon attacks as you move away!
The komodo dragon bites you!!
You hit the komodo dragon but do no damage.
The komodo dragon is heavily wounded.
You hit the fungus.
The fungus begins to die.
You burn the fungus. The komodo dragon barely misses you.
You closely miss the komodo dragon.
The komodo dragon is heavily wounded.
You slash the fungus! You burn the fungus. The komodo dragon bites you!!
* * * LOW HITPOINT WARNING * * *
The komodo dragon attacks as you move away!
The komodo dragon bites you!
You die...

## ##### ##
#.###.##P#.####### ######.
......#.l@...#...###.P#.P.
........#.....#....#......
............##.#..........
........)...###.#.........
........†...# #...........
...........^###.).........
.....##.....P.....##P.....
....# #.#P......####......
..## ####......# #......


You could see a komodo dragon.

Vanquished Creatures
  Amaemon (D:9)
  2 black mambas
  An orange demon (Lair:1)
  3 cane toads (Lair:1)
  Maggie (Lair:1)
  A rime drake (Lair:2)
  6 komodo dragons
  2 wyverns
  9 yaks
  2 steam dragons
  Edmund (D:5)
  An acid dragon (D:9)
  5 water moccasins
  6 sky beasts
  An ice beast (D:8)
  2 orc warriors
  3 black bears
  2 ogres (D:6)
  5 wolves (Lair:2)
  5 centaurs
  A phantom (D:6)
  5 kobold brigands
  9 bullfrogs
  2 gnoll sergeants
  3 scorpions
  5 killer bees (D:7)
  2 orc priests (D:9)
  4 jellies
  A hound (D:3)
  2 gnoll boudas (D:7)
  8 iguanas
  5 orc wizards
  A sleepcap (D:6)
  6 adders
  18 gnolls
  3 white imps
  A worm (D:5)
  3 dart slugs
  15 orcs
  6 endoplasms
  4 giant cockroaches
  6 goblins
  3 hobgoblins (D:1)
  9 jackals
  3 quokkas
  2 ball pythons (D:2)
  4 bats
  2 frilled lizards
  22 kobolds
  4 rats
218 creatures vanquished.

Vanquished Creatures (others)
  A jelly (D:7)
  An orc wizard (D:8)
  An iguana (D:7)
  A shadow imp (D:7)
4 creatures vanquished.

Grand Total: 222 creatures vanquished

Notes
Turn   | Place    | Note
-------+----------+-------------------------------------------
     0 | D:1      | Timidy the Hill Orc Fighter began the quest for the Orb.
     0 | D:1      | Reached XP level 1. HP: 19/19 MP: 1/1
    76 | D:1      | Reached XP level 2. HP: 22/26 MP: 2/2
   501 | D:1      | Reached XP level 3. HP: 31/31 MP: 3/3
   977 | D:2      | Found a faded altar of an unknown god.
  1249 | D:3      | Found a radiant altar of Vehumet.
  1549 | D:3      | Reached skill level 5 in Axes
  1549 | D:3      | Reached XP level 4. HP: 37/39 MP: 4/4
  2098 | D:3      | Found a snail-covered altar of Cheibriados.
  2324 | D:3      | Reached skill level 1 in Polearms
  2331 | D:3      | Reached XP level 5. HP: 45/45 MP: 5/5
  2352 | D:3      | Found an ornate altar of the Wu Jian Council.
  2359 | D:3      | Noticed a spectral centipede
  2359 | D:3      | Noticed a spectral black mamba
  2359 | D:3      | Noticed a spectral cane toad
  2487 | D:4      | Found a hide-covered altar of Uskayaw.
  2526 | D:4      | Found an opulent altar of Gozag.
  2530 | D:4      | Found a stormy altar of Qazlal.
  2531 | D:4      | Found a shadowy altar of Dithmenos.
  2539 | D:4      | Found a hazy altar of Hepliaklqana.
  2804 | D:4      | Reached XP level 6. HP: 51/51 MP: 6/6
  2815 | D:4      | Noticed a water moccasin
  2900 | D:4      | Noticed an ice beast
  2962 | D:5      | Entered Level 5 of the Dungeon
  2962 | D:5      | Noticed Edmund
  2979 | D:5      | Killed Edmund
  2980 | D:5      | Reached skill level 5 in Polearms
  3105 | D:5      | Noticed a water moccasin
  3115 | D:5      | Killed a water moccasin
  3116 | D:5      | Reached XP level 7. HP: 57/57 MP: 7/7
  3439 | D:5      | Found a sand-covered staircase.
  3839 | D:6      | Reached skill level 4 in Fighting
  4091 | D:6      | Reached XP level 8. HP: 67/67 MP: 8/8
  4108 | D:6      | Reached skill level 5 in Fighting
  5754 | D:6      | Reached skill level 1 in Throwing
  5889 | D:6      | Reached skill level 6 in Fighting
  5937 | D:7      | Reached XP level 9. HP: 74/77 MP: 9/9
  6001 | D:7      | Found a staircase to the Ecumenical Temple.
  6008 | Temple   | Entered the Ecumenical Temple
  6071 | Temple   | Became a worshipper of Warmaster Okawaru
  6140 | D:7      | Reached skill level 1 in Dodging
  6200 | D:7      | Reached skill level 7 in Fighting
  6343 | D:7      | Reached * piety under Okawaru
  6353 | D:7      | Reached skill level 8 in Fighting
  6473 | D:7      | Reached skill level 1 in Invocations
  6601 | D:7      | Found a shimmering altar of Xom.
  7044 | D:8      | Reached skill level 5 in Armour
  7094 | D:8      | Reached skill level 9 in Fighting
  7179 | D:8      | Reached ** piety under Okawaru
  7180 | D:8      | Reached XP level 10. HP: 77/91 MP: 11/11
  8248 | D:8      | Reached skill level 10 in Fighting
  8555 | D:9      | Found a staircase to the Lair.
  8822 | D:9      | Reached *** piety under Okawaru
  8943 | D:9      | Noticed Erolcha
  9075 | Lair:1   | Entered Level 1 of the Lair of Beasts
  9075 | Lair:1   | Noticed a cane toad
  9081 | Lair:1   | Noticed an orange demon
  9086 | Lair:1   | Killed a cane toad
  9283 | Lair:1   | Noticed Amaemon
  9293 | Lair:1   | Killed an orange demon
  9312 | D:9      | Killed Amaemon
  9312 | D:9      | Reached **** piety under Okawaru
  9313 | D:9      | Reached skill level 11 in Fighting
  9314 | D:9      | Received a gift from Okawaru
  9315 | D:9      | Reached XP level 11. HP: 70/102 MP: 12/14
  9933 | Lair:1   | Reached skill level 5 in Invocations
 10406 | Lair:1   | Noticed Maggie
 10430 | Lair:1   | Killed Maggie
 11777 | Lair:2   | Found a staircase to the Snake Pit.
 11802 | Lair:2   | Found a transporter.
 11818 | Lair:2   | Noticed a swamp dragon
 11834 | Lair:2   | Found a gate leading to a gauntlet.
 11893 | Lair:2   | Found a staircase to the Shoals.
 12157 | Lair:2   | Reached ***** piety under Okawaru
 12171 | Lair:2   | Found a transporter.
 12293 | Lair:3   | Received a gift from Okawaru
 12294 | Lair:3   | Reached skill level 1 in Evocations
 12414 | Lair:3   | Received a gift from Okawaru
 12506 | Lair:3   | Slain by a komodo dragon

Illustrated notes

Levels and vault maps discovered:
D:1:      psy_arrival_terrarium, layout_rooms
D:2:      layout_basic, basic_ecumenical_altar, serial_bayou_pond_d
D:3:      layout_loops_ring, lemuel_round_altar, mainiacjoe_overflow_catwalk,
          pdpol_wu_jian_five_deadly_venoms, portal_sewer_entry_f,
          dk_noncrumbling_4
D:4:      layout_rooms, nicolae_overflow_hallway_of_the_gods,
          kiku_gazebo_pond_becter, nicolae_sif_muna_little_library
D:5:      layout_loops_ring, enter_ossuary_5, dreamdust_wishing_well,
          uniq_edmund
D:6:      layout_basic
D:7:      nicolae_cairo_tiling_large_dashed, layout_rooms, xom_confusion_cloud,
          minmay_temple_entry_butterflies
D:8:      layout_layer_cave, minmay_bent
D:9:      layout_stronghold, lair_entry_dummy, uniq_erolcha
Temple:   nicolae_temple_ecumenical_triangle
Lair:1:   beast_lair_carwin_large_3, layout_layer_cave, uniq_amaemon,
          uniq_maggie
Lair:2:   gammafunk_cloud_chamber, layout_hall_layers,
          minmay_shoals_entry_centaurs, gauntlet_entry_generic
Lair:3:   layout_cave_pods, serial_rivers, chequers_serial_rivers_small_a,
          chequers_serial_rivers_micro_a, chequers_serial_rivers_marsh,
          chequers_serial_rivers_micro_e

Skill      XL: |  1  2  3  4  5  6  7  8  9 10 11 |
---------------+----------------------------------+-----
Axes           | 3 4 5 9 |  9.5
Shields        | 4 |  4.0
Polearms       | 1 3 6 7 9 |  9.4
Fighting       | 4 6 9 11 | 11.4
Throwing       | 2 4 |  4.0
Dodging        | 2 3 4 |  4.2
Armour         | 5 7 8 |  8.1
Invocations    | 2 4 7 |  7.0
Evocations     | 2 |  2.0

Action                     |  1- 3 |  4- 6 |  7- 9 | 10-12 || total
---------------------------+-------+-------+-------+-------++-------
  Melee: War axe           |   116 |    32 |       |       ||   148
         Trident           |       |   105 |   321 |   277 ||   703
         Broad axe         |       |       |       |   135 ||   135
  Throw: Stone             |     4 |     4 |     1 |       ||     9
         Dart              |     2 |    17 |    29 |    47 ||    95
         Boomerang         |       |     1 |     8 |     5 ||    14
         Throwing net      |       |       |       |     3 ||     3
         Javelin           |       |       |       |     3 ||     3
 Invoke: Heroism           |       |       |       |     2 ||     2
  Evoke: Wand              |       |       |       |     1 ||     1
    Use: Scroll            |     1 |     3 |    14 |     5 ||    23
         Potion            |     1 |     1 |     2 |       ||     4
 Armour: Scale mail        |    69 |    66 |   103 |   106 ||   344
  Dodge: Dodged            |    63 |    60 |   188 |   228 ||   539
  Block: Buckler           |    23 |    37 |    59 |    73 ||   192
